 Dungeon Crawl Stone Soup version 0.21.1-1-g345015f (webtiles) character file.

164 kae the Insei (level 5, -9/38 HPs)
             Began as a Demonspawn Transmuter on May 18, 2018.
             Killed from afar by an orc wizard (11 damage)
             ... with a puff of flame
             ... on level 4 of the Dungeon.
             The game lasted 00:02:54 (2652 turns).

kae the Insei (Demonspawn Transmuter)               Turns: 2652, Time: 00:02:55

Health: -9/38      AC:  4    Str: 11    XL:     5   Next: 21%
Magic:  8/8        EV: 12    Int: 14    God:
Gold:   231        SH:  0    Dex: 14    Spells: 8/9 levels left

rFire    . . .     SeeInvis .     - Unarmed
rCold    . . .     Gourm    .   (no shield)
rNeg     . . .     Faith    .   b - +0 robe
rPois    .         Spirit   .   (no helmet)
rElec    .         Reflect  .   (no cloak)
rCorr    .         Harm     .   (no gloves)
MR       .....                  (no boots)
Stlth    ++........             (no amulet)
HPRegen  0.12/turn              (no ring)
MPRegen  0.11/turn              (no ring)

@: no status effects
A: claws 1, yellow scales 1, nightstalker 1
a: no special abilities


You were on level 4 of the Dungeon.
You were not hungry.

You visited 1 branch of the dungeon, and saw 4 of its levels.

You collected 231 gold pieces.

Inventory:

Missiles
 a - 55 arrows
Armour
 b - a +0 robe (worn)
Jewellery
 e - an uncursed ring of stealth {unknown}
 n - an uncursed ring of positive energy {unknown}
Scrolls
 h - 5 scrolls of identify
 i - 2 scrolls of remove curse
 l - a scroll of amnesia {unknown}
 p - 2 scrolls of teleportation
 q - 3 scrolls of magic mapping {unknown}
 u - a scroll of random uselessness {unknown}
 v - a scroll of enchant weapon
Potions
 f - a potion of degeneration
 g - 2 potions of heal wounds {unknown}
 j - a potion of ambrosia {unknown}
 k - a potion of lignification {unknown}
 m - 2 potions of mutation {unknown}
 r - a potion of magic {unknown}
 s - a potion of agility {unknown}
 t - a potion of curing {unknown}
 w - a potion of might {unknown}
Books
 c - a book of Changes

   Spells                             Type                      Level
   a - Beastly Appendage              Transmutation                1
   b - Sticks to Snakes               Transmutation                2
   c - Spider Form                    Transmutation/Poison         3
   d - Ice Form                       Ice/Transmutation            4
   e - Blade Hands                    Transmutation                5
 o - a book of Cantrips

   Spells                             Type                      Level
   a - Confusing Touch                Hexes                        1
   b - Animate Skeleton               Necromancy                   1
   c - Summon Small Mammal            Summoning                    1
   d - Apportation                    Translocation                1
Comestibles
 d - 5 rations


   Skills:
 + Level 2.2 Fighting
 - Level 1.7 Dodging
 * Level 3.8 Unarmed Combat
 + Level 2.6 Spellcasting
 * Level 3.2 Transmutations


You had 8 spell levels left.
You knew the following spells:

 Your Spells              Type           Power        Failure   Level  Hunger
a - Beastly Appendage     Tmut           ##....       6%          1    #......


Dungeon Overview and Level Annotations

Branches:
Dungeon (4/15)
 Temple: D:4-7

Altars:
Vehumet


Innate Abilities, Weirdness & Mutations

You have sharp fingernails.
You are partially covered in yellow scales. (AC +2)
You are slightly more attuned to the shadows.


Message History

The magic dart hits something.
Something hits you.
Things that are here:
a mace; 5 tomahawks; a leather armour You see here a flail.
You hear some strange, mumbled words.
A puff of flame appears from out of thin air!
The puff of flame misses you.
You hear some strange, mumbled words.
A puff of frost appears from out of thin air!
The puff of frost hits you!
A puff of frost appears from out of thin air!
The puff of frost hits you!
* * * LOW HITPOINT WARNING * * *
The orc wizard mumbles some strange words.
The orc wizard blinks!
You hear some strange, mumbled words.
A puff of flame appears from out of thin air!
The puff of flame hits you!
You die...

..........o.........
#####.###......#...
#.# #........#.
##.###.......##
#...###?#.##.#
#....##......#
#....# ##... ####.#
#@# #.# #.# #.# ..#
###


There were no monsters in sight!

Vanquished Creatures
  A jelly (D:2)
  A hound skeleton (D:3)
  A worker ant zombie (D:3)
  A howler monkey skeleton (D:3)
  3 adders (D:3)
  An ooze (D:2)
  2 worms (D:2)
  2 dart slugs
  4 leopard geckos
  An orc (D:4)
  A ball python (D:2)
  4 giant cockroaches
  7 goblins
  5 hobgoblins
  6 jackals (D:1)
  2 kobolds (D:2)
  A quokka (D:2)
  5 bats
  5 frilled lizards
  A jackal skeleton (D:3)
  A quokka skeleton (D:3)
  4 rats
59 creatures vanquished.

Notes
Turn   | Place    | Note
-------+----------+-------------------------------------------
     0 | D:1      | kae the Demonspawn Transmuter began the quest for the Orb.
     0 | D:1      | Reached XP level 1. HP: 15/15 MP: 3/3
   126 | D:1      | Gained mutation: You are partially covered in yellow scales. (AC +2) [demonic ancestry]
   126 | D:1      | Reached XP level 2. HP: 12/21 MP: 3/5
   786 | D:2      | Gained mutation: You have sharp fingernails. [demonic ancestry]
   786 | D:2      | Reached XP level 3. HP: 22/26 MP: 4/6
  1085 | D:2      | Reached XP level 4. HP: 32/33 MP: 5/7
  1160 | D:2      | Found a radiant altar of Vehumet.
  1877 | D:3      | Gained mutation: You are slightly more attuned to the shadows. [demonic ancestry]
  1877 | D:3      | Reached XP level 5. HP: 38/38 MP: 8/8
  2643 | D:4      | HP: 1/38 [something/puff of frost (13)]
  2652 | D:4      | Killed from afar by an orc wizard

Skill      XL: |  1  2  3  4 |
---------------+-------------+-----
Transmutations | 2 3 |  3.2
Unarmed Combat | 3 |  3.8
Fighting       | 2 |  2.2
Dodging        | |  1.7
Spellcasting   | |  2.6

Action                   |  1- 3 |  4- 6 || total
-------------------------+-------+-------++-------
Melee: Unarmed           |    98 |   112 ||   210
       Headbutt          |     7 |     1 ||     8
       Kick              |     2 |     5 ||     7
       Punch             |     1 |     4 ||     5
 Cast: Beastly Appendage |    10 |     7 ||    17
  Use: Scroll            |     4 |       ||     4
 Stab: Sleeping          |       |     1 ||     1
  Eat: Chunk             |     1 |     2 ||     3
       Ration            |       |     1 ||     1
Armor: Robe              |    32 |    30 ||    62
Dodge: Dodged            |    60 |    68 ||   128
